 Dungeon Crawl Stone Soup version 0.28.0 (webtiles) character file.

Game seed: 2682401357260331767

489 xSliceyx the Magician (level 6, -7/32 HPs)
             Began as a Deep Elf Conjurer on Feb 6, 2022.
             Mangled by Edmund (14 damage)
             ... on level 5 of the Dungeon.
             The game lasted 00:09:10 (3974 turns).

xSliceyx the Magician (Deep Elf Conjurer)           Turns: 3974, Time: 00:09:11

Health: -7/32      AC:  3    Str:  4    XL:     6   Next: 90%
Magic:  11/18      EV: 12    Int: 25    God:
Gold:   154        SH:  0    Dex: 13    Spells: 16/19 levels left

rFire   . . .      SeeInvis .   o - +0 scimitar
rCold   . . .      Faith    .   (no shield)
rNeg    . . .      Spirit   .   a - +0 robe
rPois   +          Reflect  .   (no helmet)
rElec   .          Harm     .   (no cloak)
rCorr   .          Rampage  .   (no gloves)
Will    .....                   c - +0 pair of boots
Stlth   ++........              q - amulet of magic regeneration
HPRegen 0.10/turn               p - ring of poison resistance
MPRegen 0.56/turn               (no ring)

@: no status effects
A: no striking features
a: no special abilities


You were on level 5 of the Dungeon.
You visited 1 branch of the dungeon, and saw 5 of its levels.

You collected 154 gold pieces.

Inventory:

Hand Weapons
 o - a +0 scimitar (weapon)
Armour
 a - a +0 robe (worn)
 c - a +0 pair of boots (worn)
Jewellery
 p - a ring of poison resistance (left hand)
 q - an amulet of magic regeneration (around neck)
Wands
 s - a wand of iceblast (1)
Scrolls
 f - a scroll of noise {unknown}
 i - a scroll of teleportation {unknown}
 k - 3 scrolls of identify {unknown}
Potions
 b - 2 potions of haste {unknown}
 d - a potion of flight {unknown}
 g - a potion of curing {unknown}
 h - 2 potions of resistance {unknown}
 j - 2 potions of heal wounds {unknown}
 l - a potion of brilliance {unknown}
 m - a potion of lignification {unknown}
 n - a potion of berserk rage {unknown}
 r - a potion of invisibility {unknown}


   Skills:
 - Level 2.4 Dodging
 - Level 2.4 Stealth
 + Level 7.3 Spellcasting
 + Level 7.2 Conjurations


You had 16 spell levels left.
You knew the following spells:

 Your Spells              Type           Power      Damage    Failure   Level
a - Magic Dart            Conj           100%       1d8       1%          1
b - Searing Ray           Conj           90%        2d7       1%          2

Your spell library contained the following spells:

 Spells                   Type           Power      Damage    Failure   Level
 Dazzling Flash           Conj/Hex       54%        N/A       4%          3
 Summon Small Mammal      Summ           36%        N/A       6%          1
 Fulminant Prism          Conj/Hex       13%        3d9       14%         4
 Iskenderun's Mystic Bla  Conj/Tloc      27%        2d7       14%         4


Dungeon Overview and Level Annotations

Branches:
Dungeon (5/15)
 Temple: D:4-7

Altars:
Kikubaaqudgha
Trog

Shops:
D:2 (=(*

Annotations:
D:3 1 runed translucent door, dolemite99's ghost, amateur DsEE
D:4 2 transporters
D:5 Edmund


Message History

Aim: Edmund, wielding a +2 dire flail of holy wrath and wearing a +0 scale mail of positive energy (84% to hit)
The searing ray misses Edmund. (Press . to maintain the ray.)
The searing ray hits Edmund.
Edmund is lightly wounded.
The searing ray hits Edmund.
Edmund is lightly wounded.
The searing ray hits Edmund.
Edmund is lightly wounded.
You finish channelling your searing ray.
Casting: Searing Ray (safe; 1% risk of failure)
Confirm with . or Enter, or press ? or * to list all spells.
Aiming: Searing Ray (safe; 1% risk of failure)
Press: ? - help, Shift-Dir - straight line, f/p - Edmund
Aim: Edmund, wielding a +2 dire flail of holy wrath and wearing a +0 scale mail of positive energy (lightly wounded, 84% to hit)
The searing ray hits Edmund.
Edmund is moderately wounded. (Press . to maintain the ray.) Edmund hits you with a +2 dire flail of holy wrath!
The searing ray hits Edmund!
Edmund is heavily wounded.
Edmund hits you with a +2 dire flail of holy wrath.
The searing ray hits Edmund but does no damage.
Edmund is heavily wounded.
Edmund hits you with a +2 dire flail of holy wrath!
* * * LOW HITPOINT WARNING * * *
The searing ray hits Edmund.
Edmund is heavily wounded.
You finish channelling your searing ray.
Edmund completely misses you.
Casting: Searing Ray (safe; 1% risk of failure)
Confirm with . or Enter, or press ? or * to list all spells.
Aiming: Searing Ray (safe; 1% risk of failure)
Press: ? - help, Shift-Dir - straight line, f/p - Edmund
Aim: Edmund, wielding a +2 dire flail of holy wrath and wearing a +0 scale mail of positive energy (heavily wounded, 84% to hit)
The searing ray hits Edmund.
Edmund is heavily wounded. (Press . to maintain the ray.) Edmund hits you with a +2 dire flail of holy wrath!
You die...

.........#......#
.........##+#####
####...........
#..'...........
+..#...........
#'##...........
###..###+#####...
#........... ...
#...@....... ..
####@#####.. ...
#.... #.....
#...### #####


You could see Edmund.

Vanquished Creatures
  An orc warrior (D:4)
  An ice beast (D:5)
  An ogre (D:4)
  2 orc priests (D:3)
  A hound skeleton (D:5)
  4 gnolls (D:4)
  2 adders
  An ufetubus (D:4)
  An adder skeleton (D:4)
  A dart slug (D:1)
  6 orcs
  7 endoplasms
  8 giant cockroaches
  5 hobgoblins
  3 jackals (D:2)
  6 quokkas
  6 ball pythons
  7 bats
  A frilled lizard (D:3)
  4 goblins
  4 kobolds
  6 rats
78 creatures vanquished.

Vanquished Creatures (others)
  2 plants (D:2)
2 creatures vanquished.

Grand Total: 80 creatures vanquished

Notes
Turn   | Place    | Note
-------+----------+-------------------------------------------
     0 | D:1      | xSliceyx the Deep Elf Conjurer began the quest for the Orb.
     0 | D:1      | Reached XP level 1. HP: 10/10 MP: 6/6
   271 | D:1      | Reached XP level 2. HP: 15/15 MP: 1/8
   903 | D:2      | Found Kucer's Assorted Antiques.
  1320 | D:2      | Reached skill level 5 in Conjurations
  1322 | D:2      | Reached XP level 3. HP: 19/19 MP: 6/10
  1354 | D:2      | Found an ancient bone altar of Kikubaaqudgha.
  1358 | D:2      | Learned a level 2 spell: Searing Ray
  1362 | D:2      | Found Pujuohadd's Jewellery Shop.
  1422 | D:2      | Found Ifutaq's Antique Weapon Shop.
  1476 | D:2      | Found Weasis's Weapon Emporium.
  1640 | D:2      | Found a faded altar of an unknown god.
  1643 | D:2      | Got Plato's Reference Book on the Escort
  2445 | D:3      | Reached XP level 4. HP: 9/24 MP: 6/12
  2447 | D:3      | Reached skill level 5 in Spellcasting
  2797 | D:3      | Found a runed translucent door.
  2797 | D:3      | Noticed dolemite99's ghost (amateur DsEE)
  2942 | D:4      | Reached XP level 5. HP: 28/28 MP: 9/14
  3173 | D:4      | Found a transporter.
  3200 | D:4      | Noticed an ogre
  3206 | D:4      | Killed an ogre
  3207 | D:4      | Reached XP level 6. HP: 32/32 MP: 9/17
  3301 | D:4      | Noticed an orc warrior
  3313 | D:4      | Killed an orc warrior
  3626 | D:4      | Found a bloodstained altar of Trog.
  3794 | D:4      | Found a transporter.
  3924 | D:5      | Entered Level 5 of the Dungeon
  3927 | D:5      | Noticed an ice beast
  3930 | D:5      | Killed an ice beast
  3965 | D:5      | Noticed Edmund
  3974 | D:5      | Mangled by Edmund

Illustrated notes

Levels and vault maps discovered:
D:1:      tarquinn_simple_flora_water_c, layout_basic
D:2:      cheibrodos_old_hovel, layout_basic, serial_shops,
          nicolae_shop_temple_entry_statues_fountains, shop,
          nicolae_shop_advertising_works [nicolae_subvault_shop_adworks],
          nicolae_shop_hallway_plus, shapermc_ecumenical_altar_rom_forum,
          basic_altar
D:3:      layout_basic, ebering_ghost_inner_flame
D:4:      gammafunk_wand_slinger, layout_rooms, lemuel_tele_altar,
          minmay_misc_feat_cross, chequers_serial_rivers_small_b
D:5:      layout_gridville, nicolae_uskayaw_dance_hall, uniq_ijyb, uniq_edmund

Skill      XL: |  1  2  3  4  5  6 |
---------------+-------------------+-----
Spellcasting   | 4 5 6 7 |  7.3
Conjurations   | 5 6 7 |  7.2
Dodging        | |  2.4
Stealth        | |  2.4

Action                   |  1- 3 |  4- 6 || total
-------------------------+-------+-------++-------
 Cast: Magic Dart        |    90 |    48 ||   138
       Searing Ray       |     1 |    18 ||    19
Armor: Robe              |     2 |       ||     2
Dodge: Dodged            |     1 |     8 ||     9
